Map: Emerald City LE

Players

GalaxeoN

  • Race: Zerg Zerg
  • League: Silver
  • Spawn Location: 5:00

Filomat

  • Race: Protoss Protoss
  • Spawn Location: 5:00

akta

  • Race: Zerg Zerg
  • League: Diamond
  • Spawn Location: 11:00

Sop

  • Race: Terran Terran
  • Spawn Location: 11:00

VOD

Have the link to the VOD?

Description

Time

  • Played on: Jan. 20, 2023, 7:41 p.m.
  • Length: 13:58
Show
View Real Time Build Order
Export as new Build Order

GalaxeoN Zerg 

Build Orders: Pool First 

Get SALT Encoding   

  12  0:18  Spawning Pool  
  11  0:21  Drone  
  11  0:26  Drone  
  13  0:35  Overlord  
  13  1:06  Zergling x6  
  16  1:19  Drone  
  17  1:26  Hatchery  
  16  1:35  Drone  
  16  1:39  Queen  
  19  1:45  Extractor  
  18  1:48  Drone  
  18  1:50  Drone  
  20  2:11  Drone x2  
  19  2:44  Drone x2  
  19  2:45  Drone, Queen  
  24  2:57  Drone x2  
  26  3:05  Evolution Chamber  
  26  3:06  Overlord  
  26  3:07  Overlord x2  
  25  3:17  Spine Crawler  
  24  3:23  Metabolic Boost  
  24  3:33  Zergling x12  
  30  4:05  Zerg Melee Weapons Level 1  
  30  4:07  Zergling x2  
  30  4:08  Zergling x10  
  36  4:27  Overlord  
  36  4:28  Overlord x2  
  36  4:38  Zergling x14  
  37  4:53  Zergling x2  
  37  4:54  Zergling x4  
  40  5:05  Drone x2  
  42  5:12  Extractor  
  41  5:26  Hatchery  
  40  5:33  Zergling x12  
  46  5:36  Zergling x2  
  46  5:38  Zergling x2  
  48  5:53  Zergling x6  
  48  5:54  Zergling x4  
  53  6:04  Baneling Nest  
  53  6:08  Drone x2  
  54  6:13  Drone x2  
  56  6:22  Drone x3  
  59  6:29  Drone x2  
  59  6:31  Drone  
  62  6:39  Drone  
  63  6:40  Drone  
  63  6:41  Drone  
  63  6:43  Drone  
  63  6:45  Drone  
  67  6:49  Drone  
  68  7:02  Zerg Ground Armor Level 1  
  41  7:38  Zergling x26  
  52  7:58  Queen  
  52  8:03  Lair  
  54  8:09  Extractor  
  54  8:10  Extractor  
  54  8:11  Drone x7  
  59  8:21  Zergling x2  
  59  8:22  Zergling x2  
  61  8:34  Queen  
  62  8:47  Zergling x22  
  73  9:01  Spine Crawler  
  72  9:04  Spine Crawler  
  72  9:08  Centrifugal Hooks  
  71  9:18  Hatchery  
  66  9:39  Zergling x2  
  66  9:40  Zergling x30  
  66  9:42  Overlord x2  
  82  10:02  Baneling x6  
  82  10:03  Baneling x4  
  47  11:08  Zergling x4  
  47  11:09  Zergling x38  
  68  11:13  Overseer  
  68  11:17  Overseer  
  68  11:20  Zerg Melee Weapons Level 2  
  68  11:26  Evolution Chamber  
  66  11:41  Baneling x9  
  66  11:43  Zergling x32  
  82  11:56  Infestation Pit  
  82  12:00  Spire  
  68  12:15  Zergling x14  
  44  12:16  Zergling x20  
  60  12:35  Zergling x4  
  60  12:36  Zergling x8  
  63  12:39  Baneling x9  
  63  12:40  Baneling  
  43  13:03  Zergling x4  
  23  13:18  Zergling x4  
Show
View Real Time Build Order
Export as new Build Order

Filomat Protoss 

Build Orders:  

Get SALT Encoding   

  12  0:03  Probe  
  13  0:15  Probe  
  14  0:24  Pylon  
  14  0:28  Probe  
  15  0:32  Assimilator  
  15  0:47  Gateway  
  15  0:50  Probe  
  16  1:02  Probe  
  17  1:09  Pylon  
  17  1:13  Assimilator  
  17  1:14  Probe  
  18  1:28  Gateway  
  18  1:32  Probe  
  19  1:41  Cybernetics Core  
  19  1:47  Pylon  
  19  1:49  Probe  
  20  2:01  Probe  
  21  2:12  Gateway  
  21  2:13  Probe  
  22  2:22  Stalker  
  24  2:46  Nexus  
  24  2:50  Pylon  
  24  2:54  Probe  
  25  2:58  Stalker  
  27  3:07  Stalker  
  27  3:12  Probe  
  30  3:18  Zealot  
  32  3:24  Probe  
  33  3:28  Zealot  
  35  3:36  Probe  
  36  3:47  Zealot  
  36  3:48  Zealot  
  38  3:57  Stalker  
  38  4:02  Probe x2  
  40  4:09  Gateway  
  40  4:14  Probe x2  
  42  4:18  Zealot  
  44  4:28  Stalker  
  46  4:36  Stalker  
  46  4:50  Zealot  
  48  4:55  Twilight Council  
  48  4:59  Forge  
  48  5:02  Probe x2  
  48  5:04  Pylon  
  50  5:09  Stalker  
  50  5:14  Warp Gate  
  52  5:20  Assimilator  
  52  5:21  Probe x2  
  54  5:33  Sentry, Probe  
  54  5:34  Charge (Chrono Boost)  
  54  5:35  Zealot x2  
  61  5:45  Protoss Ground Weapons Level 1 (Chrono Boost)  
  61  5:46  Probe  
  61  5:47  Probe  
  63  5:56  Zealot  
  65  5:58  Zealot  
  65  6:02  Stalker  
  69  6:11  Pylon  
  69  6:24  Pylon  
  69  6:29  Zealot, Stalker  
  69  6:30  Pylon, Zealot  
  75  6:35  Pylon  
  75  6:36  Probe  
  75  6:37  Assimilator, Probe  
  75  6:39  Pylon  
  77  6:56  Stalker  
  77  6:59  Nexus  
  79  7:06  Zealot, Stalker  
  79  7:07  Zealot  
  53  7:48  Zealot x2  
  53  7:49  Zealot x2  
  49  8:11  Pylon  
  47  8:14  Pylon, Zealot x4  
  55  8:21  Forge  
  47  8:27  Shield Battery, Protoss Ground Weapons Level 2  
  47  8:31  Photon Cannon  
  47  8:33  Photon Cannon  
  47  8:34  Shield Battery  
  47  8:35  Probe (Chrono Boost)  
  47  8:40  Zealot x3  
  47  8:41  Zealot  
  56  8:45  Probe (Chrono Boost)  
  57  8:49  Probe (Chrono Boost)  
  58  9:01  Probe  
  58  9:02  Stalker x2  
  63  9:04  Stalker x2  
  67  9:21  Gateway x2  
  67  9:24  Gateway  
  67  9:47  Zealot  
  67  9:48  Zealot x3  
  75  10:11  Probe  
  76  10:15  Probe x2  
  78  10:22  Stalker  
  78  10:23  Probe, Stalker x3  
  78  10:24  Stalker x2  
  78  10:26  Protoss Ground Armor Level 1  
  78  10:27  Probe x2  
  93  10:34  Robotics Facility  
  93  10:36  Probe  
  93  10:39  Probe  
  91  10:48  Probe  
  64  11:00  Probe  
  65  11:04  Stalker x2  
  65  11:05  Stalker x4  
  65  11:06  Stalker  
  79  11:12  Gateway, Probe  
  79  11:15  Gateway  
  80  11:21  Dark Shrine  
  80  11:23  Assimilator  
  80  11:24  Assimilator  
  80  11:30  Photon Cannon  
  80  11:35  Observer  
  81  11:41  Zealot x2  
  81  11:42  Zealot x3  
  81  11:43  Zealot x2  
  95  11:51  Nexus  
  95  11:54  Pylon  
  95  11:56  Observer (Chrono Boost)  
  96  12:10  Robotics Bay  
  96  12:34  Observer  
  96  12:37  Zealot  
  96  12:38  Zealot x3  
  96  12:39  Zealot x2  
  96  12:40  Zealot  
  110  13:15  Zealot x2  
  110  13:16  Zealot x3  
  110  13:17  Zealot  
  53  13:39  Zealot x4  
  53  13:40  Zealot x2  
Show
View Real Time Build Order
Export as new Build Order

akta Zerg 

Build Orders: Hatch First, Lurkers 

Get SALT Encoding   

  12  0:02  Drone  
  13  0:12  Overlord  
  13  0:16  Drone  
  14  0:37  Drone x3  
  17  0:56  Drone  
  18  0:58  Hatchery  
  18  0:59  Drone  
  18  1:11  Extractor  
  18  1:14  Spawning Pool  
  18  1:17  Drone  
  17  1:21  Drone  
  18  1:30  Drone  
  19  1:41  Overlord  
  19  1:52  Drone  
  20  2:09  Zergling x2  
  20  2:10  Queen  
  20  2:11  Queen  
  20  2:12  Zergling x2  
  20  2:15  Zergling x2  
  27  2:19  Metabolic Boost  
  27  2:21  Zergling x2  
  28  2:27  Zergling x2  
  29  2:36  Zergling x4  
  31  2:43  Drone  
  32  2:45  Drone  
  32  2:50  Baneling Nest  
  32  3:18  Drone  
  32  3:19  Overlord x3, Drone x3  
  36  3:22  Lair  
  36  3:35  Baneling  
  36  3:37  Queen  
  36  3:41  Extractor  
  37  3:50  Zergling x12  
  39  4:15  Drone  
  39  4:16  Drone x5  
  45  4:20  Drone  
  46  4:27  Hydralisk Den  
  46  4:28  Hatchery  
  42  4:49  Zergling x4  
  42  4:50  Zergling x12  
  47  4:58  Zergling x8  
  51  5:01  Baneling x4  
  51  5:15  Muscular Augments, Spore Crawler  
  51  5:17  Overlord, Drone x3  
  53  5:43  Drone x7  
  53  5:44  Drone x3  
  53  5:47  Queen  
  65  5:52  Extractor  
  65  5:53  Extractor  
  65  5:54  Spore Crawler  
  62  6:01  Spore Crawler  
  62  6:02  Hydralisk x2  
  65  6:05  Lurker Den  
  65  6:09  Overlord  
  64  6:12  Drone x2  
  64  6:13  Drone  
  64  6:15  Drone  
  64  6:16  Drone  
  69  6:18  Drone  
  69  6:23  Overlord  
  70  6:25  Overseer  
  70  6:28  Overseer  
  70  6:34  Drone x2  
  70  6:35  Drone x4  
  70  6:39  Extractor  
  75  6:41  Extractor  
  75  6:46  Baneling x2  
  75  6:47  Baneling  
  74  6:54  Drone x3  
  75  6:55  Drone x3  
  75  6:58  Baneling x3  
  80  7:04  Zergling x4  
  80  7:06  Overlord x2  
  80  7:17  Baneling x4  
  80  7:18  Baneling  
  77  7:33  Zergling x22  
  78  7:44  Zergling x10  
  82  7:58  Zergling x12  
  83  8:01  Overlord  
  82  8:12  Drone  
  82  8:13  Drone x2  
  82  8:21  Zergling x4  
  77  8:40  Zergling x10  
  78  8:49  Baneling x2  
  78  8:50  Baneling x2  
  78  8:53  Zergling x10  
  78  8:54  Zergling x6  
  85  9:06  Evolution Chamber  
  85  9:08  Evolution Chamber  
  83  9:12  Hydralisk x4, Roach Warren  
  83  9:13  Hydralisk x2  
  94  9:22  Centrifugal Hooks  
  89  9:43  Hydralisk x4  
  96  9:46  Overlord x3  
  96  9:53  Baneling x6  
  96  9:56  Lurker  
  96  9:58  Overlord x5  
  97  10:10  Lurker x4  
  90  10:52  Hydralisk x8  
  90  10:53  Hydralisk x8  
  122  11:10  Infestation Pit, Zerg Missile Weapons Level 1  
  121  11:11  Zerg Ground Armor Level 1  
  121  11:12  Overlord x2  
  121  11:23  Zergling x2  
  121  11:24  Zergling x6  
  124  11:44  Lurker x4  
  124  11:45  Lurker  
  124  11:46  Zergling x20  
  124  11:47  Zergling x2  
  140  11:54  Zergling x4  
  142  12:07  Hive  
  128  12:17  Hatchery  
  128  12:21  Zergling x16  
  116  13:04  Hydralisk x6  
  116  13:05  Hydralisk x8  
  134  13:13  Hydralisk  
  134  13:14  Hydralisk  
  135  13:23  Hydralisk  
  135  13:24  Hydralisk  
  120  13:39  Zergling x12  
Show
View Real Time Build Order
Export as new Build Order

Sop Terran 

Build Orders: Mech 

Get SALT Encoding   

  12  0:00  SCV  
  13  0:12  SCV  
  14  0:18  Supply Depot  
  14  0:25  Refinery  
  14  0:29  SCV  
  15  0:41  SCV  
  16  0:47  Barracks  
  16  0:54  SCV  
  17  1:05  Supply Depot  
  17  1:07  SCV  
  18  1:19  SCV  
  18  1:20  Refinery  
  19  1:31  SCV  
  20  1:35  Factory  
  20  1:39  Marine  
  21  1:43  SCV  
  22  1:58  Bunker  
  22  2:00  Marine  
  23  2:03  SCV  
  24  2:18  Marine  
  23  2:40  Orbital Command  
  23  2:48  Marine  
  23  2:50  Bunker  
  24  2:58  Engineering Bay  
  24  3:08  Factory Tech Lab  
  24  3:09  SCV  
  25  3:21  SCV  
  25  3:22  Marine  
  27  3:27  Barracks  
  27  3:36  Missile Turret  
  27  3:39  Marine  
  29  3:41  Missile Turret  
  29  3:45  Siege Tank  
  31  3:56  Supply Depot  
  31  4:13  Barracks Tech Lab  
  31  4:15  Command Center  
  31  4:18  SCV  
  32  4:30  SCV  
  33  4:32  Siege Tank  
  33  4:33  Marine  
  33  4:34  Marine  
  36  4:42  SCV  
  36  4:44  Supply Depot  
  37  4:54  SCV  
  37  4:55  Supply Depot  
  38  5:11  Siege Tank  
  41  5:15  Refinery  
  41  5:16  Marine  
  41  5:21  SCV  
  43  5:27  Orbital Command  
  43  5:37  Factory  
  43  5:40  SCV  
  44  5:45  Siege Tank  
  47  5:53  SCV x2  
  49  6:00  Missile Turret  
  49  6:05  SCV x2  
  49  6:06  Armory  
  51  6:11  Refinery  
  51  6:17  SCV x2  
  53  6:24  Factory  
  53  6:26  Factory Tech Lab  
  53  6:29  Factory, SCV x2  
  55  6:41  SCV  
  55  6:42  Barracks Tech Lab  
  55  6:44  Terran Infantry Weapons Level 1  
  55  6:45  SCV  
  57  6:53  SCV  
  57  6:54  Mag-Field Accelerator  
  58  6:57  Sensor Tower  
  58  6:58  SCV  
  59  7:06  SCV  
  60  7:17  Marine  
  60  7:18  Marine  
  60  7:19  Factory Tech Lab x2  
  53  7:35  Marine x2  
  47  7:42  SCV x2  
  47  7:43  Siege Tank  
  47  7:44  Siege Tank x2  
  48  7:54  SCV x2  
  50  8:01  Siege Tank  
  52  8:06  SCV x2  
  54  8:14  Bunker  
  54  8:18  SCV x2  
  56  8:30  Marine x2, SCV x2  
  60  8:35  Concussive Shells  
  60  8:40  Cyclone  
  63  8:42  SCV  
  63  8:43  SCV  
  65  8:48  Marauder  
  65  8:49  Marauder  
  65  8:54  SCV  
  65  8:55  SCV  
  71  9:01  Command Center  
  71  9:07  SCV x2  
  73  9:11  Missile Turret  
  73  9:19  SCV x2  
  75  9:26  Supply Depot  
  75  9:27  Refinery, Supply Depot  
  75  9:28  Terran Vehicle Weapons Level 1  
  75  9:29  Supply Depot  
  75  9:30  Supply Depot, Refinery  
  75  9:31  SCV x2  
  77  9:43  SCV  
  78  9:48  Marauder x2, SCV  
  83  9:55  Siege Tank, Cyclone  
  83  9:58  Cyclone  
  92  10:09  Marine x2  
  92  10:13  Siege Tank  
  97  10:27  Marine x2, Siege Tank x2  
  105  10:33  Siege Tank  
  108  10:38  Supply Depot  
  108  10:44  Marine x2, Supply Depot  
  108  10:45  Siege Tank  
  113  10:59  Cyclone x2  
  113  11:02  Marine x2  
  121  11:12  Sensor Tower  
  121  11:18  Sensor Tower  
  121  11:20  Marine x2  
  123  11:27  Sensor Tower  
  123  11:35  Siege Tank x2  
  123  11:38  Marine x2, Hellbat x2  
  135  11:43  Infernal Pre-Igniter  
  135  11:56  Marine x2  
  135  12:00  Hellbat x2  
  141  12:07  Hellbat x2  
  136  12:26  Marine  
  136  12:27  Marine  
  136  12:28  Siege Tank  
  136  12:29  Siege Tank, Cyclone  
  147  12:44  Marine x2  
  149  13:02  Marine x2  
  151  13:20  Marine x2  
  145  13:38  Marine x2  
Tags
 
Add a new tag
Caveats
  • Supply blocks, unpowered buildings, or Contaminate may cause inaccurate times.
  • Supply counts are checked every 10 seconds.